 Dungeon Crawl Stone Soup version 0.30.1-11-g7821555f0a (webtiles) character file.

Game seed: 16505821153855784407

3552 jfcaron the Covert (level 10, -14/82 HPs)
             Began as a Gnoll Delver on Nov 6, 2023.
             Demolished by a cyclops (30 damage)
             ... on level 7 of the Dungeon.
             The game lasted 00:13:21 (7122 turns).

jfcaron the Covert (Gnoll Delver)                   Turns: 7122, Time: 00:13:22

Health: -14/82     AC:  8    Str: 15    XL:     10   Next: 9%
Magic:  17/17      EV: 15    Int: 11    God:
Gold:   339        SH:  0    Dex: 13    Spells: 19/19 levels left

rFire   . . .        C - +5 short sword (freeze)
rCold   . . .        (no shield)
rNeg    . . .        D - +0 steam dragon scales
rPois   .            y - +0 helmet
rElec   .            (no cloak)
rCorr   .            p - +0 pair of gloves
SInv    .            (no boots)
Will    +....        G - amulet of the acrobat
Stlth   +++++        h - ring of willpower
HPRegen 0.33/turn    (no ring)
MPRegen 0.15/turn

%: acrobat
@: no status effects
A: fangs 1, strong nose, distributed training
a: no special abilities


You were on level 7 of the Dungeon.
You visited 1 branch of the dungeon, and saw 7 of its levels.

You collected 339 gold pieces.

Inventory:

Hand Weapons
 a - a +1 morningstar of draining
   (You found it on level 6 of the Dungeon)
 w - a +0 trident
 x - a +0 dagger of venom
   (You took it off an orc on level 3 of the Dungeon)
 C - a +5 short sword of freezing (weapon)
   (You took it off Duvessa on level 5 of the Dungeon)
 I - a +1 whip of flaming
   (You took it off Pikel on level 7 of the Dungeon)
Missiles
 H - a throwing net (quivered) {!f}
Armour
 j - the +1 helmet of Arcadian Happiness {rC+ Str-4 Int+3}
   (You found it on level 4 of the Dungeon)

   Str:       It affects your strength (-4).
   Int:       It affects your intelligence (+3).
   rC:        It protects you from cold.
 p - a +0 pair of gloves (worn)
 u - the +2 robe of Reason {rN+ Dex+6}
   (You found it on level 5 of the Dungeon)

   Dex:       It affects your dexterity (+6).
   rN:        It protects you from negative energy.
 y - a +0 helmet (worn)
 D - +0 steam dragon scales (worn)
 E - a +0 plate armour
Jewellery
 h - a ring of willpower (left hand)
   (You found it on level 1 of the Dungeon)
 G - an amulet of the acrobat (around neck)
   (You found it on level 6 of the Dungeon)
Wands
 g - a wand of digging (7)
 i - a wand of polymorph (3)
 A - a wand of quicksilver (9)
   (You took it off an orc on level 3 of the Dungeon)
Scrolls
 c - 2 scrolls of fog
 d - 2 scrolls of magic mapping
 e - a scroll of fear
 l - a scroll of teleportation
 q - 2 scrolls of immolation
 r - 2 scrolls of noise
 B - a scroll of enchant weapon {unknown}
 F - a scroll of poison
Potions
 b - a potion of degeneration {unknown}
 f - a potion of haste
 k - 3 potions of curing
 m - 2 potions of heal wounds {unknown}
 n - 4 potions of flight
 o - 2 potions of brilliance {unknown}
 s - a potion of attraction {unknown}
 t - 2 potions of mutation {unknown}
 v - 2 potions of invisibility {unknown}
 z - a potion of lignification {unknown}


   Skills:
 + Level 8.4 Fighting
 + Level 5.1 Short Blades
 + Level 5.1 Long Blades
 + Level 5.1 Axes
 + Level 5.1 Maces & Flails
 + Level 7.0 Polearms
 + Level 5.1 Staves
 + Level 5.1 Ranged Weapons
 + Level 5.1 Throwing
 + Level 5.1 Armour
 + Level 7.0 Dodging
 + Level 10.9 Stealth
 + Level 5.1 Shields
 + Level 5.1 Unarmed Combat
 + Level 5.1 Spellcasting
 + Level 4.2 Conjurations
 + Level 4.2 Hexes
 + Level 4.2 Summonings
 + Level 4.2 Necromancy
 + Level 4.2 Translocations
 + Level 4.2 Transmutations
 + Level 4.2 Fire Magic
 + Level 4.2 Ice Magic
 + Level 4.2 Air Magic
 + Level 4.2 Earth Magic
 + Level 4.2 Poison Magic
 + Level 5.6 Invocations
 + Level 5.1 Evocations


You had 19 spell levels left.
You didn't know any spells.
Your spell library contained the following spells:

 Spells                   Type           Power      Damage    Failure   Level
 Ensorcelled Hibernation  Hex/Ice        24%        N/A       5%          2
 Spider Form              Tmut/Pois      12%        N/A       11%         3
 Anguish                  Hex/Necr       6%         N/A       36%         4
 Leda's Liquefaction      Hex/Erth       6%         N/A       36%         4
 Lee's Rapid Deconstruct  Erth           6%         3d6*      71%         5
 Statue Form              Tmut/Erth      8%         N/A       99%         6


Dungeon Overview and Level Annotations

Branches:
Dungeon (7/15)
 Temple: D:4-7

Altars:
Ashenzari
Elyvilon
Trog
Xom
The Shining One

Annotations:
D:7 exclusion: 4 doors


Innate Abilities, Weirdness & Mutations

You have very sharp teeth.
Your uncanny sense of smell can sniff out nearby items.
Your experience applies equally to all skills.


Message History

* * * LOW HITPOINT WARNING * * *
You hit the kobold brigand but do no damage.
The kobold brigand is poisoned.
You hit the kobold brigand.
The kobold brigand looks as sick as possible!
The kobold brigand is lightly wounded.
The kobold brigand closely misses you.
An orc warrior comes into view. It is wielding a +0 hand axe.
Your +0 dagger of venom stops dripping with poison.
Your +5 short sword of freezing glows with a cold blue light!
C - a +5 short sword of freezing (weapon)
You hit the kobold brigand. You freeze the kobold brigand.
The kobold brigand is moderately wounded.
The kobold brigand hits you but does no damage.
A cyclops comes into view.
The cyclops shouts!
You hit the kobold brigand. You freeze the kobold brigand.
You bite the kobold brigand, but do no damage.
The kobold brigand is heavily wounded.
The kobold brigand hits you with a +0 short sword.
* * * LOW HITPOINT WARNING * * *
As you read the scroll of teleportation, it crumbles to dust.
You feel strangely unstable.
The kobold brigand hits you but does no damage.
Unknown command.
You closely miss the kobold brigand.
The kobold brigand is severely wounded.
The kobold brigand hits you with a +0 short sword.
* * * LOW HITPOINT WARNING * * *
You feel better.
You kill the kobold brigand!
The centaur shoots an arrow.
The arrow hits you!
* * * LOW HITPOINT WARNING * * *
Your Polearms skill increases to level 7!
Your Dodging skill increases to level 7!
You barely miss the centaur.
The centaur is moderately wounded.
Your surroundings seem slightly different.
The cyclops hits you!!
You die...

......'.......[.........
......####.####...#####
....................#
##+#########+#####..#
#.#.#.#.#..###### #####
...$..##)......# )...o
#...)#.......# #...##
∆#!..##.......... o.o.)
∆ #.##C@c§.#######.
#.o.# ∆#.##..#### ∆...∆
∆ #..#o....#
##+###.##.yh....##.....#
.......#.#.#.#.#.#.†...#
##+##### # ##
##........# ∆ ∆
#.....#... #.....'..# ∆
∆#.....##..


You could see a cyclops and a centaur.

Vanquished Creatures
  Pikel (D:7)
  A troll (D:7)
  Sigmund (D:4)
  Menkaure (D:6)
  2 water moccasins
  Duvessa (D:5)
  An orc warrior (D:6)
  3 ice beasts
  2 black bears
  An ogre (D:5)
  A sky beast (D:6)
  A boggart (D:5)
  A lemure (D:7)
  A phantom (D:6)
  A kobold brigand (D:7)
  A bullfrog (D:7)
  A gnoll sergeant (D:7)
  A scorpion (D:6)
  Dowan (D:5)
  3 wights (D:6)
  2 killer bees
  3 howler monkeys
  6 hounds
  An orc priest (D:5)
  2 jellies
  A gnoll bouda (D:7)
  3 iguanas
  2 sleepcaps (D:6)
  3 orc wizards
  Robin (D:3)
  7 gnolls
  6 adders
  A white imp (D:6)
  An ufetubus (D:6)
  2 worms (D:2)
  A dart slug (D:1)
  11 orcs
  9 ball pythons
  8 endoplasms
  3 giant cockroaches
  15 goblins
  7 hobgoblins
  4 jackals (D:5)
  3 quokkas
  5 bats
  4 frilled lizards
  3 kobolds
  7 rats
147 creatures vanquished.

Notes
Turn   | Place    | Note
-------+----------+-------------------------------------------
     0 | D:5      | Reached skill level 9 in Stealth
     0 | D:5      | jfcaron the Gnoll Delver began the quest for the Orb.
     0 | D:5      | Reached XP level 1. HP: 23/23 MP: 1/1
    11 | D:5      | Noticed a water moccasin
    18 | D:5      | Noticed Duvessa
    18 | D:5      | Noticed Dowan
    98 | D:5      | Reached XP level 2. HP: 26/29 MP: 2/2
   116 | D:5      | Found a broken altar of Ashenzari.
   136 | D:5      | Noticed an ogre
   278 | D:1      | Reached XP level 3. HP: 35/35 MP: 3/3
   405 | D:1      | Reached skill level 1 in Invocations
  1168 | D:2      | Reached skill level 1 in Short Blades
  1168 | D:2      | Reached skill level 1 in Long Blades
  1168 | D:2      | Reached skill level 1 in Axes
  1168 | D:2      | Reached skill level 1 in Maces & Flails
  1168 | D:2      | Reached skill level 1 in Staves
  1168 | D:2      | Reached skill level 1 in Ranged Weapons
  1168 | D:2      | Reached skill level 1 in Throwing
  1168 | D:2      | Reached skill level 1 in Armour
  1168 | D:2      | Reached skill level 1 in Shields
  1168 | D:2      | Reached skill level 1 in Unarmed Combat
  1168 | D:2      | Reached skill level 1 in Spellcasting
  1168 | D:2      | Reached skill level 1 in Evocations
  1307 | D:2      | Reached XP level 4. HP: 41/41 MP: 5/5
  1331 | D:2      | Reached skill level 1 in Conjurations
  1331 | D:2      | Reached skill level 1 in Hexes
  1331 | D:2      | Reached skill level 1 in Summonings
  1331 | D:2      | Reached skill level 1 in Necromancy
  1331 | D:2      | Reached skill level 1 in Translocations
  1331 | D:2      | Reached skill level 1 in Transmutations
  1331 | D:2      | Reached skill level 1 in Fire Magic
  1331 | D:2      | Reached skill level 1 in Ice Magic
  1331 | D:2      | Reached skill level 1 in Air Magic
  1331 | D:2      | Reached skill level 1 in Earth Magic
  1331 | D:2      | Reached skill level 1 in Poison Magic
  1937 | D:3      | Reached XP level 5. HP: 47/47 MP: 7/7
  2293 | D:3      | Noticed Robin
  2295 | D:3      | Killed Robin
  2835 | D:3      | Reached XP level 6. HP: 46/53 MP: 8/8
  3336 | D:4      | Noticed Sigmund
  3343 | D:4      | Reached skill level 5 in Polearms
  3343 | D:4      | Reached skill level 5 in Dodging
  3354 | D:4      | Killed Sigmund
  3360 | D:4      | HP: 10/53 [poisoned by Sigmund]
  3576 | D:4      | Reached XP level 7. HP: 38/60 MP: 10/10
  3861 | D:4      | Found a white marble altar of Elyvilon.
  3865 | D:4      | Found a bloodstained altar of Trog.
  3934 | D:4      | Identified the +1 helmet of Arcadian Happiness {rC+ Str-4
                  | Int+3}
  4247 | D:4      | Reached skill level 10 in Stealth
  4654 | D:5      | Reached XP level 8. HP: 64/67 MP: 12/12
  4661 | D:5      | Identified the +2 robe of Reason {rN+ Dex+6}
  5123 | D:5      | Killed Duvessa
  5135 | D:5      | Killed Dowan
  5158 | D:6      | Noticed Menkaure
  5160 | D:6      | Killed Menkaure
  5278 | D:6      | HP: 7/67 [iguana (10)]
  5291 | D:6      | HP: 10/67 [iguana (6)]
  5537 | D:6      | Noticed Maggie
  5538 | D:6      | Maggie changed into Maggie the killer bee
  5538 | D:6      | Noticed Maggie
  5546 | D:6      | Killed Maggie the killer bee
  5830 | D:6      | Reached XP level 9. HP: 68/73 MP: 14/14
  6453 | D:6      | Found a glowing golden altar of the Shining One.
  6550 | D:6      | Found a shimmering altar of Xom.
  6813 | D:7      | Reached skill level 5 in Invocations
  6824 | D:7      | Noticed an orc knight
  6971 | D:7      | Noticed Pikel
  6984 | D:7      | Killed Pikel
  7070 | D:7      | Noticed a troll
  7111 | D:7      | Killed a troll
  7111 | D:7      | HP: 9/74 [centaur/arrow (7)]
  7112 | D:7      | Reached skill level 5 in Short Blades
  7112 | D:7      | Reached skill level 5 in Long Blades
  7112 | D:7      | Reached skill level 5 in Axes
  7112 | D:7      | Reached skill level 5 in Maces & Flails
  7112 | D:7      | Reached skill level 5 in Staves
  7112 | D:7      | Reached skill level 5 in Ranged Weapons
  7112 | D:7      | Reached skill level 5 in Throwing
  7112 | D:7      | Reached skill level 5 in Armour
  7112 | D:7      | Reached skill level 5 in Shields
  7112 | D:7      | Reached skill level 5 in Unarmed Combat
  7112 | D:7      | Reached skill level 5 in Spellcasting
  7112 | D:7      | Reached skill level 5 in Evocations
  7112 | D:7      | Reached XP level 10. HP: 10/82 MP: 17/17
  7117 | D:7      | Noticed a cyclops
  7121 | D:7      | HP: 16/82 [centaur/arrow (10)]
  7122 | D:7      | Demolished by a cyclops

Illustrated notes

Levels and vault maps discovered:
D:1:      evilmike_arrival_plus, layout_rooms, minmay_hedge_maze,
          minmay_tetromino_t2
D:2:      layout_basic
D:3:      layout_basic, minmay_starry_boxes, uniq_robin
D:4:      layout_loops_ring, gammafunk_temple_overflow_statue, uniq_sigmund
D:5:      layout_cave_pools, cheibrodos_ashenzari_chains, uniq_duvessa
D:6:      layout_cave_pods, tso_altar, lemuel_tele_altar,
          nicolae_nh_ransacked_shop, uniq_menkaure, uniq_maggie
D:7:      layout_basic, minmay_temple_entry_slanted, minmay_the_grid_2x2
          [minmay_the_grid_slots, minmay_the_grid_armoury,
          minmay_the_grid_tiny_cups, minmay_the_grid_prize_trominoes],
          uniq_pikel, uniq_joseph

Skill      XL: |  1  2  3  4  5  6  7  8  9 10 |
---------------+-------------------------------+-----
Stealth        | 10 | 10.9
Invocations    | 1 2 3 4 5 |  5.6
Short Blades   | 1 2 3 5 |  5.1
Long Blades    | 1 2 3 5 |  5.1
Axes           | 1 2 3 5 |  5.1
Maces & Flails | 1 2 3 5 |  5.1
Staves         | 1 2 3 5 |  5.1
Ranged Weapons | 1 2 3 5 |  5.1
Throwing       | 1 2 3 5 |  5.1
Armour         | 1 2 3 5 |  5.1
Shields        | 1 2 3 5 |  5.1
Unarmed Combat | 1 2 3 5 |  5.1
Spellcasting   | 1 2 3 5 |  5.1
Evocations     | 1 2 3 5 |  5.1
Conjurations   | 1 2 3 4 |  4.2
Hexes          | 1 2 3 4 |  4.2
Summonings     | 1 2 3 4 |  4.2
Necromancy     | 1 2 3 4 |  4.2
Translocations | 1 2 3 4 |  4.2
Transmutations | 1 2 3 4 |  4.2
Fire Magic     | 1 2 3 4 |  4.2
Ice Magic      | 1 2 3 4 |  4.2
Air Magic      | 1 2 3 4 |  4.2
Earth Magic    | 1 2 3 4 |  4.2
Poison Magic   | 1 2 3 4 |  4.2
Polearms       | 5 6 7 |  7.0
Dodging        | 5 6 7 |  7.0
Fighting       | 7 8 |  8.4

Action                     |  1- 3 |  4- 6 |  7- 9 | 10-12 || total
---------------------------+-------+-------+-------+-------++-------
  Melee: Spear             |    93 |   133 |       |       ||   226
         Bite              |     9 |    15 |    42 |     1 ||    67
         Punch             |     2 |     2 |    14 |       ||    18
         Dagger            |       |    48 |   192 |     3 ||   243
         Short sword       |       |       |   145 |     4 ||   149
  Throw: Boomerang         |    13 |       |       |       ||    13
         Dart              |    19 |       |       |       ||    19
         Stone             |     4 |       |     5 |       ||     9
  Evoke: Wand              |       |     3 |    15 |       ||    18
    Use: Scroll            |       |     7 |       |     1 ||     8
         Potion            |       |       |     1 |     2 ||     3
   Stab: Sleeping          |     3 |     7 |    10 |       ||    20
         Distracted        |       |     1 |     1 |       ||     2
 Armour: Leather armour    |     8 |       |       |       ||     8
         Ring mail         |    13 |       |       |       ||    13
         Scale mail        |     5 |    51 |    61 |       ||   117
         Steam dragon scal |       |       |    38 |     2 ||    40
  Dodge: Dodged            |    59 |    49 |   203 |     1 ||   312

Table legend: (Time is in decaauts)
 A = Elapsed time spent in this place.
 B = Non-inter-level travel time spent in this place.
 C = Inter-level travel time spent in this place.
 D = Time resting spent in this place.
 E = Time spent auto-exploring this place.
 F = Levels seen in this place.
 G = Mean time per level.
                   A        B        C        D        E       F      G
               +--------+--------+--------+--------+--------+-----+--------+
         Total |   7025 |   6753 |    272 |   1228 |   4172 |   7 | 1003.6 |
       Dungeon |   7025 |   6753 |    272 |   1228 |   4172 |   7 | 1003.6 |
               +--------+--------+--------+--------+--------+-----+--------+

Top non-repeatable levels by time:
     D:3: 1623 daAuts
     D:6: 1485 daAuts
     D:4: 1160 daAuts
     D:1: 859 daAuts
     D:2: 825 daAuts
     D:5: 658 daAuts
     D:7: 410 daAuts

Table legend:
 A = Kills in this place as a percentage of kills in the entire game.
 B = Kills by you in this place as a percentage of kills by you in the entire game.
 C = Kills by friends in this place as a percentage of kills by friends in the entire game.
 D = Other kills in this place as a percentage of other kills in the entire game.
 E = Experience gained in this place as a percentage of experience gained in the entire game.
 F = Experience gained in this place divided by the number of levels of this place that you have seen.
                   A       B       C       D       E      F
               +-------+-------+-------+-------+-------+----------------------
         Total | 100.0 | 100.0 |   N/A |   N/A | 100.0 | 725.0
       Dungeon | 100.0 | 100.0 |   N/A |   N/A | 100.0 | 725.0
               +-------+-------+-------+-------+-------+----------------------

Levels and vault maps discovered:
D:1:      evilmike_arrival_plus, layout_rooms, minmay_hedge_maze,
          minmay_tetromino_t2
D:2:      layout_basic
D:3:      layout_basic, minmay_starry_boxes, uniq_robin
D:4:      layout_loops_ring, gammafunk_temple_overflow_statue, uniq_sigmund
D:5:      layout_cave_pools, cheibrodos_ashenzari_chains, uniq_duvessa
D:6:      layout_cave_pods, tso_altar, lemuel_tele_altar,
          nicolae_nh_ransacked_shop, uniq_menkaure, uniq_maggie
D:7:      layout_basic, minmay_temple_entry_slanted, minmay_the_grid_2x2
          [minmay_the_grid_slots, minmay_the_grid_armoury,
          minmay_the_grid_tiny_cups, minmay_the_grid_prize_trominoes],
          uniq_pikel, uniq_joseph
